 Dungeon Crawl Stone Soup version 0.31.0-12-g77e489cdc1 (webtiles) character file.

Game seed: 9548341114550031305

56 jagang the Trooper (level 3, -2/30 HPs)
             Began as a Human Monk on Mar 5, 2024.
             Slain by a goblin
             ... wielding a +0 club
             ... led by Robin
              (4 damage)
             ... on level 2 of the Dungeon.
             The game lasted 00:02:08 (1451 turns).

jagang the Trooper (Human Monk)                     Turns: 1451, Time: 00:02:08

Health: -2/30      AC:  9    Str: 11    XL:     3   Next: 95%
Magic:  3/3        EV:  6    Int:  7    God:
Gold:   94         SH:  0    Dex: 17    Spells: 2/2 levels left

rFire   + + .        a - +0 falchion
rCold   . . .        d - orb {light}
rNeg    . . .        o - +0 chain mail
rPois   .            (no helmet)
rElec   .            (no cloak)
rCorr   .            (no gloves)
SInv    +            n - +0 pair of boots
Will    .....        q - amulet "Coschiat" {Acrobat rF++ Int-3 SInv Stlth+} Stlth
                     (no ring)
HPRegen 0.25/turn    (no ring)
MPRegen 0.08/turn

%: acrobat
@: glowing
A: explore regen
a: no special abilities


You were on level 2 of the Dungeon.
You visited 1 branch of the dungeon, and saw 3 of its levels.

You collected 94 gold pieces.

Inventory:

Hand Weapons
 a - a +0 falchion (weapon)
Missiles
 e - 2 poisoned darts (quivered)
Armour
 d - an orb of light (worn)
 n - a +0 pair of boots (worn)
 o - a +0 chain mail (worn)
Jewellery
 q - the amulet "Coschiat" (around neck) {Acrobat rF++ Int-3 SInv Stlth+}
   (You found it on level 2 of the Dungeon)

   [amulet of the acrobat]

   Acrobat:   It increases your evasion while moving and waiting.
   Int-3:     It affects your intelligence (-3).
   rF++:      It greatly protects you from fire.
   SInv:      It lets you see invisible.
   Stlth+:    It makes you more stealthy.
Scrolls
 b - 3 scrolls of identify {unknown}
 f - a scroll of teleportation {unknown}
 l - 2 scrolls of enchant armour {unknown}
 m - a scroll of amnesia {unknown}
Potions
 c - a potion of ambrosia
 g - a potion of resistance {unknown}
 h - 2 potions of attraction {unknown}
 i - a potion of berserk rage {unknown}
 j - a potion of curing {unknown}
 k - a potion of magic {unknown}
 p - a potion of enlightenment {unknown}


   Skills:
 * Level 3.7 Fighting
 * Level 3.7 Long Blades
 + Level 1.2 Armour
 - Level 3.0 Dodging


You had 2 spell levels left.
You didn't know any spells.
Your spell library was empty.

Dungeon Overview and Level Annotations

Branches:
Dungeon (3/15)

Altars:

Annotations:
D:3 Robin


Innate Abilities, Weirdness & Mutations

You regain HP and MP as you explore.


Message History

The goblin hits you with a +0 club.
You hear a shout!
You climb upwards.
There is a stone staircase leading down, spattered with blood here.
You barely miss the goblin. The orc hits you with a +0 dagger.
The goblin hits you but does no damage. The goblin barely misses you.
The orc hits you with a +0 whip. The goblin barely misses you.
The orc hits you but does no damage.
You hit the goblin.
The goblin is heavily wounded.
The orc hits you but does no damage. The goblin hits you with a +0 dagger.
The goblin barely misses you. The orc barely misses you.
The goblin hits you but does no damage. The orc hits you but does no damage.
You hit the goblin.
You kill the goblin!
The orc hits you but does no damage. x2
The goblin hits you but does no damage. The orc hits you but does no damage.
The goblin hits you but does no damage.
You hit the orc but do no damage. The orc hits you but does no damage.
The orc hits you with a +0 whip. The goblin hits you with a +0 club.
The goblin hits you but does no damage. The orc hits you with a +0 whip.
The orc hits you with a +0 dagger.
You slash the orc!
You kill the orc!
The orc hits you with a +0 whip.
The goblin hits you but does no damage. x2
The orc hits you but does no damage. The goblin barely misses you.
The orc hits you with a +0 whip.
* * * LOW HITPOINT WARNING * * *
You hit the orc.
The orc is severely wounded.
The goblin barely misses you. The orc hits you with a +0 dagger.
* * * LOW HITPOINT WARNING * * *
The orc barely misses you. The goblin hits you but does no damage.
The goblin barely misses you.
You hit the orc.
You kill the orc!
The orc hits you with a +0 whip.
* * * LOW HITPOINT WARNING * * *
The goblin hits you with a +0 club.
You die...

#..[......#
#.........# ##
#.....<...# .#
#.....<...# .##
#.........# ..##
#.........# ...##
#.........# .#..#
#....g....#
###.#######....)@)..#
# #.......#....go)..#
# #######..........##
## ####......## .#
##.##...# .#
#..##.#.## .##
#.###.#..# ..## ##.#
#...## #..##
#..###...#


You could see an orc and 2 goblins.

Vanquished Creatures
  An adder (D:2)
  3 orcs (D:2)
  5 ball pythons
  4 endoplasms
  3 giant cockroaches
  5 goblins
  4 hobgoblins
  3 kobolds (D:1)
  4 quokkas
  2 bats (D:1)
  2 frilled lizards (D:1)
  2 rats
38 creatures vanquished.

Notes
Turn   | Place    | Note
-------+----------+-------------------------------------------
     0 | D:1      | jagang the Human Monk began the quest for the Orb.
     0 | D:1      | Reached XP level 1. HP: 18/18 MP: 1/1
   185 | D:1      | Reached XP level 2. HP: 24/24 MP: 2/2
   522 | D:1      | Reached XP level 3. HP: 10/29 MP: 3/3
   529 | D:1      | HP: 1/29 [endoplasm (1)]
   535 | D:1      | Reached skill level 1 in Armour
  1159 | D:2      | Identified the amulet "Coschiat" {Acrobat rF++ Int-3 SInv
                  | Stlth+}
  1442 | D:3      | Noticed Robin
  1451 | D:2      | Slain by a goblin

Illustrated notes

Levels and vault maps discovered:
D:1:      wander_arrival_chamber, layout_basic, serial_rivers,
          chequers_serial_rivers_micro_c, chequers_serial_rivers_small_3,
          chequers_serial_rivers_room_a, chequers_serial_rivers_micro_d,
          chequers_serial_rivers_micro_a
D:2:      layout_rooms, nrook_mini_backslash
D:3:      layout_rooms, hellmonk_ecumenical_altar_run_dry, uniq_robin

Skill      XL: |  1  2  3 |
---------------+----------+-----
Armour         | 1 |  1.2
Fighting       | |  3.7
Long Blades    | |  3.7
Dodging        | |  3.0

Action                     || total
---------------------------++-------
  Melee: Falchion          ||   111
 Armour: Robe              ||    39
         Chain mail        ||    89
  Dodge: Dodged            ||    78
